TOP OF THE 1ST |
Boston Red Sox batting - Pitching for Baltimore Orioles : RHP Bobby O'Connell
|
Pitching: RHP Bobby O'Connell
|
|
Batting: SHB Robbie Rogers
|
0-0: Called Strike 0-1: Swinging Strike 0-2: Foul Ball, location: 2F 0-2: Ball 1-2: Ball 2-2: Foul Ball, location: 2F 2-2: Ground out 5-3 (Groundball, 5, EV 82.5 MPH)
|
Batting: LHB Kevin McCormic Jr.
|
0-0: Fly out, F8 (Flyball, 8LS, EV 95.0 MPH)
|
Batting: SHB Rich Chavez
|
0-0: Foul Ball, location: 2F 0-1: Ball 1-1: Ball 2-1: Foul Ball, location: 2F 2-2: Ball 3-2: Foul Ball, location: 2F 3-2: Foul Ball, location: 2F 3-2: Ground out 1-3 (Groundball, 13S, EV 69.4 MPH)
|
Top of the 1st over - 0 runs, 0 hits, 0 errors, 0 left on base; Boston 0 - Baltimore 0 |
BOTTOM OF THE 1ST |
Baltimore Orioles batting - Pitching for Boston Red Sox : LHP Ragnar Danielsson
|
Pitching: LHP Ragnar Danielsson
|
|
Batting: RHB Alex Rodriguez Jr.
|
0-0: Ball 1-0: Foul Ball, location: 2F 1-1: Ball 2-1: Called Strike 2-2: Strikes out swinging
|
Batting: RHB Jeremy Giesler
|
0-0: Ball 1-0: Ground out 1-3 (Groundball, 13S, EV 71.3 MPH)
|
Batting: RHB Kevin Howard
|
0-0: Called Strike 0-1: Foul Ball, location: 2F 0-2: Ball 1-2: Ball 2-2: Foul Ball, location: 2F 2-2: Ball 3-2: Foul Ball, location: 2F 3-2: Base on Balls
|
Batting: LHB Brad Pepin
|
0-0: Ball 1-0: Foul Ball, location: 2F 1-1: Called Strike 1-2: Ball 2-2: Strikes out swinging
|
Bottom of the 1st over - 0 runs, 0 hits, 0 errors, 1 left on base; Boston 0 - Baltimore 0 |
TOP OF THE 2ND |
Boston Red Sox batting - Pitching for Baltimore Orioles : RHP Bobby O'Connell
|
Batting: LHB Xavier Pittman
|
0-0: Ball 1-0: Foul Ball, location: 2F 1-1: Called Strike 1-2: Ball 2-2: Foul Ball, location: 2F 2-2: Strikes out looking
|
Batting: LHB Brian Gray
|
0-0: Foul Ball, location: 2F 0-1: Called Strike 0-2: Strikes out swinging
|
Batting: RHB Chris Lane
|
0-0: Called Strike 0-1: Hit by Pitch
|
Batting: RHB Scott Treider
|
0-0: Ball 1-0: Ball 2-0: Ground out 6-3 (Groundball, 56D, EV 101.9 MPH)
|
Top of the 2nd over - 0 runs, 0 hits, 0 errors, 1 left on base; Boston 0 - Baltimore 0 |
BOTTOM OF THE 2ND |
Baltimore Orioles batting - Pitching for Boston Red Sox : LHP Ragnar Danielsson
|
Batting: RHB Dermott Neill
|
0-0: Ball 1-0: Called Strike 1-1: Foul Ball, location: 2F 1-2: Ball 2-2: SOLO HOME RUN (Flyball, 7D, EV 108.1 MPH), Distance : 422 ft
|
Batting: LHB Stu Sornson
|
0-0: Ball 1-0: Swinging Strike 1-1: Called Strike 1-2: Ground out 4-3 (Groundball, 4, EV 102.5 MPH)
|
Batting: RHB Randy Johnson Jr.
|
0-0: Swinging Strike 0-1: Ball 1-1: Ball 2-1: Ball 3-1: Foul Ball, location: 2F 3-2: Strikes out swinging
|
Batting: LHB Paul Diaz
|
0-0: Ball 1-0: Ball 2-0: Called Strike 2-1: Swinging Strike 2-2: DOUBLE (Line Drive, 89D, EV 108.8 MPH)
|
Batting: RHB Carlos Talavera
|
0-0: Called Strike 0-1: Ball 1-1: Fly out, F8 (Flyball, 89S, EV 77.5 MPH)
|
Bottom of the 2nd over - 1 run, 2 hits, 0 errors, 1 left on base; Boston 0 - Baltimore 1 |
TOP OF THE 3RD |
Boston Red Sox batting - Pitching for Baltimore Orioles : RHP Bobby O'Connell
|
Batting: SHB Greg Prime
|
0-0: Foul Ball, location: 2F 0-1: Ball 1-1: SINGLE (Groundball, 4MD, EV 97.5 MPH)
|
Batting: RHB Mike Quackenbush
|
0-0: Ball 1-0: Foul Ball, location: 2F 1-1: Ball 2-1: Foul Ball, location: 2F 2-2: Foul Ball, location: 2F 2-2: Ball 3-2: Foul Ball, location: 2F 3-2: Foul Ball, location: 2F 3-2: Foul Ball, location: 2F 3-2: Strikes out swinging
|
Batting: SHB Robbie Rogers
|
0-0: Called Strike 0-1: Ball 1-1: Ball 2-1: Ball 3-1: Fielders Choice at 2nd, 4-6 (Groundball, 34, EV 86.9 MPH)
|
Batting: LHB Kevin McCormic Jr.
|
0-0: Ball 1-0: Called Strike 1-1: Swinging Strike 1-2: Ball 2-2: Foul Ball, location: 2F 2-2: Strikes out swinging, 2-3 out at first.
|
Top of the 3rd over - 0 runs, 1 hit, 0 errors, 1 left on base; Boston 0 - Baltimore 1 |
BOTTOM OF THE 3RD |
Baltimore Orioles batting - Pitching for Boston Red Sox : LHP Ragnar Danielsson
|
Batting: RHB Alex Rodriguez Jr.
|
0-0: Called Strike 0-1: Called Strike 0-2: Foul Ball, location: 2F 0-2: Ball 1-2: Strikes out looking
|
Batting: RHB Jeremy Giesler
|
0-0: Ball 1-0: SINGLE (Line Drive, 9LS, EV 91.9 MPH)
|
Batting: RHB Kevin Howard
|
0-0: Grounds into double play, 6-4-3 (Groundball, 6, EV 93.1 MPH)
|
Bottom of the 3rd over - 0 runs, 1 hit, 0 errors, 0 left on base; Boston 0 - Baltimore 1 |
TOP OF THE 4TH |
Boston Red Sox batting - Pitching for Baltimore Orioles : RHP Bobby O'Connell
|
Batting: SHB Rich Chavez
|
0-0: Ground out U3 (Groundball, 3, EV 106.3 MPH)
|
Batting: LHB Xavier Pittman
|
0-0: Ball 1-0: Called Strike 1-1: SINGLE (Line Drive, 8LM, EV 90.6 MPH)
|
Batting: LHB Brian Gray
|
0-0: Ball 1-0: 2-RUN HOME RUN (Flyball, 9D, EV 100.0 MPH), Distance : 380 ft
|
Batting: RHB Chris Lane
|
0-0: Ground out 5-3 (Groundball, 5, EV 81.9 MPH)
|
Batting: RHB Scott Treider
|
0-0: Foul Ball, location: 2F 0-1: Ball 1-1: Ball 2-1: Ground out 1-3 (Groundball, 13S, EV 67.5 MPH)
|
Top of the 4th over - 2 runs, 2 hits, 0 errors, 0 left on base; Boston 2 - Baltimore 1 |
BOTTOM OF THE 4TH |
Baltimore Orioles batting - Pitching for Boston Red Sox : LHP Ragnar Danielsson
|
Batting: LHB Brad Pepin
|
0-0: Ball 1-0: Called Strike 1-1: Ball 2-1: Swinging Strike 2-2: Fly out, F6 (Line Drive, 6, EV 73.8 MPH)
|
Batting: RHB Dermott Neill
|
0-0: Ball 1-0: Ball 2-0: Called Strike 2-1: Foul Ball, location: 2F 2-2: Strikes out swinging
|
Batting: LHB Stu Sornson
|
0-0: Foul Ball, location: 2F 0-1: Ball 1-1: Ball 2-1: Foul Ball, location: 2F 2-2: Foul Ball, location: 2F 2-2: Ball 3-2: Foul Ball, location: 2F 3-2: Foul Ball, location: 2F 3-2: SOLO HOME RUN (Line Drive, 9D, EV 98.8 MPH), Distance : 383 ft
|
Batting: RHB Randy Johnson Jr.
|
0-0: Foul Ball, location: 2F 0-1: Ground out 6-3 (Groundball, 6, EV 83.8 MPH)
|
Bottom of the 4th over - 1 run, 1 hit, 0 errors, 0 left on base; Boston 2 - Baltimore 2 |
TOP OF THE 5TH |
Boston Red Sox batting - Pitching for Baltimore Orioles : RHP Bobby O'Connell
|
Pitching: RHP Ray Richards
|
|
Batting: SHB Greg Prime
|
0-0: DOUBLE (Line Drive, 9LS, EV 106.9 MPH)
|
Pinch Hitting: LHB Ernesto Cedillos
|
0-0: TRIPLE (Flyball, 78XD, EV 98.8 MPH) Greg Prime scores
|
Batting: SHB Robbie Rogers
|
0-0: Ball 1-0: Ball 2-0: Ground out 5-3 (Groundball, 56S, EV 58.8 MPH) Ernesto Cedillos scores
|
Batting: LHB Kevin McCormic Jr.
|
0-0: Ball 1-0: Ground out 6-3 (Groundball, 6, EV 90.6 MPH)
|
Batting: SHB Rich Chavez
|
0-0: Called Strike 0-1: Foul Ball, location: 2F 0-2: Ball 1-2: Foul Ball, location: 2F 1-2: Hit by Pitch
|
Batting: LHB Xavier Pittman
|
0-0: Called Strike 0-1: Ball 1-1: Called Strike 1-2: Strikes out swinging, 2-3 out at first.
|
Top of the 5th over - 2 runs, 2 hits, 0 errors, 1 left on base; Boston 4 - Baltimore 2 |
BOTTOM OF THE 5TH |
Baltimore Orioles batting - Pitching for Boston Red Sox : LHP Ragnar Danielsson
|
Pitching: LHP Mike Nimmo
|
|
Now at SS: Won-jun Park
|
|
Batting: LHB Paul Diaz
|
0-0: Ball 1-0: SINGLE (Line Drive, 34D, EV 96.3 MPH)
|
Batting: RHB Carlos Talavera
|
0-0: Ball 1-0: Called Strike 1-1: Foul Ball, location: 2F 1-2: Foul Ball, location: 2F 1-2: Strikes out swinging
|
Batting: RHB Alex Rodriguez Jr.
|
0-0: Ball 1-0: Swinging Strike 1-1: Ball Paul Diaz is caught stealing 2nd base 2-4 2-1: Foul Ball, location: 2F 2-2: Strikes out looking
|
Bottom of the 5th over - 0 runs, 1 hit, 0 errors, 0 left on base; Boston 4 - Baltimore 2 |
TOP OF THE 6TH |
Boston Red Sox batting - Pitching for Baltimore Orioles : RHP Ray Richards
|
Batting: LHB Brian Gray
|
0-0: Called Strike 0-1: Ball 1-1: Ground out 5-3 (Groundball, 56, EV 95.0 MPH)
|
Batting: RHB Chris Lane
|
0-0: Ball 1-0: Ball 2-0: Called Strike 2-1: SINGLE (Groundball, 56D, EV 95.6 MPH)
|
Batting: RHB Scott Treider
|
0-0: Called Strike 0-1: Swinging Strike 0-2: Strikes out looking
|
Pitching: RHP Jose Rico
|
|
Batting: SHB Greg Prime
|
0-0: SINGLE (Groundball, 34S, EV 70.6 MPH) (infield hit) Chris Lane to second
|
Batting: RHB Won-jun Park
|
0-0: Ball 1-0: Foul Ball, location: 2F 1-1: Ball 2-1: Ball 3-1: Fly out, F7 (Flyball, 78D, EV 95.6 MPH)
|
Top of the 6th over - 0 runs, 2 hits, 0 errors, 2 left on base; Boston 4 - Baltimore 2 |
BOTTOM OF THE 6TH |
Baltimore Orioles batting - Pitching for Boston Red Sox : LHP Mike Nimmo
|
Batting: RHB Jeremy Giesler
|
0-0: Ball 1-0: Called Strike 1-1: Called Strike 1-2: Ball 2-2: Foul Ball, location: 2F 2-2: Strikes out swinging
|
Batting: RHB Kevin Howard
|
0-0: Called Strike 0-1: Ball 1-1: Ball 2-1: Ground out 4-3 (Groundball, 4, EV 89.4 MPH)
|
Batting: LHB Brad Pepin
|
0-0: Ball 1-0: Ball 2-0: Foul Ball, location: 2F 2-1: Ground out 1-3 (Groundball, 15S, EV 70.0 MPH)
|
Bottom of the 6th over - 0 runs, 0 hits, 0 errors, 0 left on base; Boston 4 - Baltimore 2 |
TOP OF THE 7TH |
Boston Red Sox batting - Pitching for Baltimore Orioles : RHP Jose Rico
|
Batting: SHB Robbie Rogers
|
0-0: Foul Ball, location: 2F 0-1: Called Strike 0-2: Ball 1-2: Strikes out looking
|
Batting: LHB Kevin McCormic Jr.
|
0-0: SOLO HOME RUN (Flyball, 7D, EV 105.0 MPH), Distance : 407 ft
|
Batting: SHB Rich Chavez
|
0-0: Called Strike 0-1: Called Strike 0-2: Ball 1-2: Foul Ball, location: 2F 1-2: Foul Ball, location: 2F 1-2: Ball 2-2: Strikes out swinging, 2-3 out at first.
|
Pinch Hitting: RHB Garry Hash
|
0-0: Foul Ball, location: 2F 0-1: Swinging Strike 0-2: Strikes out looking
|
Top of the 7th over - 1 run, 1 hit, 0 errors, 0 left on base; Boston 5 - Baltimore 2 |
BOTTOM OF THE 7TH |
Baltimore Orioles batting - Pitching for Boston Red Sox : LHP Mike Nimmo
|
Now at 2B: Rich Chavez
|
|
Now at 3B: Garry Hash
|
|
Batting: RHB Dermott Neill
|
0-0: Ball 1-0: Called Strike 1-1: Called Strike 1-2: SINGLE (Line Drive, 34, EV 105.0 MPH)
|
Batting: LHB Stu Sornson
|
0-0: Swinging Strike 0-1: Ball 1-1: Called Strike 1-2: Ball 2-2: Strikes out swinging
|
Batting: RHB Randy Johnson Jr.
|
0-0: Ball 1-0: Called Strike 1-1: Foul Ball, location: 2F 1-2: Ball 2-2: Ball 3-2: Base on Balls Dermott Neill to second
|
Pitching: RHP T.J. Balko
|
|
Batting: LHB Paul Diaz
|
0-0: Ball 1-0: Ball 2-0: Ground out 5-3 (Groundball, 6S, EV 95.0 MPH) Dermott Neill to third Randy Johnson Jr. to second
|
Batting: RHB Carlos Talavera
|
0-0: Foul Ball, location: 2F 0-1: Ball 1-1: Ball 2-1: Foul Ball, location: 2F 2-2: Strikes out swinging
|
Bottom of the 7th over - 0 runs, 1 hit, 0 errors, 2 left on base; Boston 5 - Baltimore 2 |
TOP OF THE 8TH |
Boston Red Sox batting - Pitching for Baltimore Orioles : RHP Jose Rico
|
Batting: LHB Brian Gray
|
0-0: Called Strike 0-1: Foul Ball, location: 2F 0-2: Ball 1-2: Foul Ball, location: 2F 1-2: Foul Ball, location: 2F 1-2: Foul Ball, location: 2F 1-2: Ball 2-2: Ball 3-2: Base on Balls
|
Batting: RHB Chris Lane
|
0-0: Ball 1-0: Called Strike 1-1: Ball Brian Gray steals 2nd base (no throw) 2-1: Foul Ball, location: 2F 2-2: Ball 3-2: Strikes out swinging
|
Pinch Hitting: RHB Nick Esteves
|
0-0: Ball 1-0: Called Strike 1-1: Foul Ball, location: 2F 1-2: Foul Ball, location: 2F 1-2: Fly out, F8 (Flyball, 89XD, EV 91.9 MPH) Runner from 2nd tags up, SAFE at 3rd, no throw by CF
|
Batting: SHB Greg Prime
|
0-0: Swinging Strike 0-1: Ground out U3 (Groundball, 3, EV 78.1 MPH)
|
Top of the 8th over - 0 runs, 0 hits, 0 errors, 1 left on base; Boston 5 - Baltimore 2 |
BOTTOM OF THE 8TH |
Baltimore Orioles batting - Pitching for Boston Red Sox : RHP T.J. Balko
|
Now in CF: Nick Esteves
|
|
Pinch Hitting: RHB Saimei Kudo
|
0-0: Ball 1-0: Ball 2-0: Called Strike 2-1: Ball 3-1: Fly out, F4 (Line Drive, 4, EV 71.3 MPH)
|
Pinch Hitting: LHB Gabe Pace
|
0-0: Ball 1-0: Ground out 6-3 (Groundball, 6, EV 81.9 MPH)
|
Pinch Hitting: RHB Andres Leon
|
0-0: Ball 1-0: Foul Ball, location: 2F 1-1: Fly out, F8 (Line Drive, 8LM, EV 106.3 MPH)
|
Bottom of the 8th over - 0 runs, 0 hits, 0 errors, 0 left on base; Boston 5 - Baltimore 2 |
TOP OF THE 9TH |
Boston Red Sox batting - Pitching for Baltimore Orioles : RHP Jose Rico
|
Pitching: LHP Silas Chinn
|
|
Now at 3B: Saimei Kudo
|
|
Now at SS: Andres Leon
|
|
Now in RF: Gabe Pace
|
|
Batting: RHB Won-jun Park
|
0-0: Called Strike 0-1: Ball 1-1: Ball 2-1: Ball 3-1: Called Strike 3-2: Foul Ball, location: 2F 3-2: Base on Balls
|
Batting: SHB Robbie Rogers
|
0-0: Ball Won-jun Park steals 2nd base 1-0: Intentional Walk
|
Batting: LHB Kevin McCormic Jr.
|
0-0: Ball 1-0: Sac Bunt to 5S - play at first, batter OUT! 5-3 Won-jun Park to third Robbie Rogers to second
|
Batting: SHB Rich Chavez
|
0-0: Called Strike 0-1: Ball 1-1: Ball 2-1: Ball 3-1: Base on Balls
|
Batting: RHB Garry Hash
|
0-0: Grounds into fielders choice 4-2 (Groundball, 4M, EV 80.0 MPH) Robbie Rogers to third Rich Chavez to second
|
Pinch Hitting: RHB Reilly Hawkins
|
0-0: Ball 1-0: Foul Ball, location: 2F 1-1: Foul Ball, location: 2F 1-2: Strikes out looking
|
Top of the 9th over - 0 runs, 0 hits, 0 errors, 3 left on base; Boston 5 - Baltimore 2 |
BOTTOM OF THE 9TH |
Baltimore Orioles batting - Pitching for Boston Red Sox : RHP T.J. Balko
|
Now at 1B: Chris Lane
|
|
Now in LF: Reilly Hawkins
|
|
Pinch Hitting: RHB Marc Peckermark
|
0-0: Foul Ball, location: 2F 0-1: Foul Ball, location: 2F 0-2: Fly out, F4 (Line Drive, 4, EV 73.1 MPH)
|
Batting: SHB Jason Hayes
|
0-0: Called Strike 0-1: Fly out, F8 (Flyball, 89D, EV 98.1 MPH)
|
Pinch Hitting: RHB Casey Nelligan
|
0-0: Ball 1-0: Ball 2-0: Called Strike 2-1: SINGLE (Groundball, 25, EV 69.4 MPH) (infield hit)
|
Pinch Hitting: RHB Vince Jackson
|
0-0: Ball 1-0: Called Strike 1-1: Ground out 4-3 (Groundball, 34, EV 83.1 MPH)
|
Bottom of the 9th over - 0 runs, 1 hit, 0 errors, 1 left on base; Boston 5 - Baltimore 2 |
|